 Dungeon Crawl Stone Soup version 0.21.1-1-g345015f (webtiles) character file.

134 inc the Scratcher (level 4, 18/18 HPs)
             Began as a Felid Enchanter on Feb 26, 2018.
             Was an Initiate of Gozag.
             Quit the game in an ossuary.
             The game lasted 00:07:39 (3596 turns).

inc the Scratcher (Felid Enchanter)                 Turns: 3596, Time: 00:07:40

Health: 18/18      AC:  1    Str:  4    XL:     4   Next: 95%
Magic:  8/8        EV: 20    Int: 18    God:    Gozag
Gold:   302        SH:  0    Dex: 16    Spells: 2/7 levels left
                                        Lives:  0   Deaths: 1

rFire    . . .     SeeInvis +     - Unarmed
rCold    . . .     Gourm    .   (shield unavailable)
rNeg     . . .     Faith    .   (armour unavailable)
rPois    .         Spirit   .   (helmet unavailable)
rElec    .         Reflect  .   (cloak unavailable)
rCorr    +         Harm     .   (gloves unavailable)
MR       .....                  (boots unavailable)
Stlth    +++.......             (no amulet)
HPRegen  0.06/turn              l - ring of resist corrosion
MPRegen  0.11/turn              (no ring)

@: quick
A: very small, no armour, no weapons or thrown items, stealth, claws 1, fangs 3,
see invisible, carnivore, speed 1, shaggy fur 1, slow metabolism 1, sharp paws
a: Potion Petition, Call Merchant, Bribe Branch, Renounce Religion


You were in an ossuary.
You worshipped Gozag.
Gozag was aware of your devotion.
You were not hungry.

You visited 1 branch of the dungeon, and saw 4 of its levels.
You also visited: Ossuary.

You collected 357 gold pieces.
You paid 55 gold pieces to Gozag.

Inventory:

Jewellery
 l - a ring of resist corrosion (left paw)
Wands
 m - a wand of polymorph (8)
Scrolls
 d - 6 scrolls of remove curse
Potions
 i - a potion of haste
 n - a potion of degeneration
Books
 a - a book of Maledictions

   Spells                             Type                      Level
   a - Corona                         Hexes                        1
   b - Ensorcelled Hibernation        Hexes/Ice                    2
   c - Confuse                        Hexes                        3
   d - Tukima's Dance                 Hexes                        3
   e - Dazzling Spray                 Conjuration/Hexes            3
Comestibles
 b - 7 rations


   Skills:
 + Level 4.9 Dodging
 - Level 4.0 Stealth
 - Level 5.0 Unarmed Combat
 - Level 2.0 Spellcasting
 - Level 4.4 Hexes


You had 2 spell levels left.
You knew the following spells:

 Your Spells              Type           Power        Failure   Level  Hunger
b - Ensorcelled Hibernat  Hex/Ice        #.....       11%         2    ###....
c - Confuse               Hex            ###.....     9%          3    ###....


Dungeon Overview and Level Annotations

Branches:
Dungeon (4/15)
 Temple: D:4-7

Altars:
Ashenzari
Cheibriados
Gozag
Wu Jian
Xom
Yredelemnul


Innate Abilities, Weirdness & Mutations

You cannot wear armour.
You are incapable of wielding weapons or throwing items.
Your paws allow you to move quietly. (Stealth)
You have sharp claws.
You have razor-sharp teeth.
You have supernaturally acute eyesight. (SInv)
You are carnivorous and can eat meat at any time.
You cover ground quickly.
You are covered in fur. (AC +1)
You have a slow metabolism.
Your sharp claws are effective at attacking unaware monsters.


Message History

* * * LOW HITPOINT WARNING * * *
It was a potion of agility.
You feel agile all of a sudden.
The water moccasin zombie closely misses you.
Okay, then.
A poisoned needle hits the water moccasin zombie!
There is an open door here.
There is an open door here.
A poisoned needle hits the kobold zombie!
A poisoned needle hits the water moccasin zombie!
There is an open door here.
An arrow shoots out and misses you.
There is an arrow trap here.
You scratch the water moccasin zombie.
The water moccasin zombie is heavily damaged.
The water moccasin zombie bites you.
You die...
You are now level 4!
You rejoin the land of the living...
Are you sure you want to abandon this character and quit the game? (Confirm with "yes".)

#^..# #^..#
#^.^# ###Z#
#..^# ####
#####^^.#
#!!!!#...#...#
+!?(!#.∩.'...#
#!!!?#.@.#..∩#
### #########


There were no monsters in sight!

Vanquished Creatures
  A phantom (D:3)
  Ijyb (D:3)
  A big kobold zombie (Ossuary)
  A hound skeleton (D:4)
  4 adders
  2 worms
  4 dart slugs
  2 orcs (D:3)
  A ball python (D:1)
  3 bats
  2 giant cockroaches
  2 gnoll zombies (Ossuary)
  4 goblins
  11 hobgoblins
  2 quokkas (D:3)
  4 frilled lizards
  2 hobgoblin zombies (Ossuary)
  13 kobolds
  2 orc zombies (Ossuary)
  10 rats
72 creatures vanquished.

Notes
Turn   | Place    | Note
-------+----------+-------------------------------------------
     0 | D:1      | inc the Felid Enchanter began the quest for the Orb.
     0 | D:1      | Reached XP level 1. HP: 7/7 MP: 4/4
   520 | D:2      | Reached skill level 2 in Unarmed Combat
   520 | D:2      | Reached XP level 2. HP: 11/11 MP: 6/6
   540 | D:2      | Learned a level 2 spell: Ensorcelled Hibernation
   819 | D:1      | Reached skill level 3 in Unarmed Combat
   840 | D:1      | Reached XP level 3. HP: 12/14 MP: 2/7
  1786 | D:2      | Found a basalt altar of Yredelemnul.
  1905 | D:3      | Noticed a phantom
  1928 | D:2      | Learned a level 3 spell: Confuse
  1953 | D:3      | Killed a phantom
  1953 | D:3      | Reached skill level 5 in Unarmed Combat
  1953 | D:3      | Reached XP level 4. HP: 11/18 MP: 3/8
  1953 | D:3      | Reached XP level 5. HP: 13/21 MP: 3/9
  2382 | D:3      | Found a snail-covered altar of Cheibriados.
  2438 | D:3      | Found an opulent altar of Gozag.
  2440 | D:3      | Found an ornate altar of the Wu Jian Council.
  2442 | D:3      | Found a shimmering altar of Xom.
  2444 | D:3      | Found a shattered altar of Ashenzari.
  2457 | D:3      | Became a worshipper of Gozag Ym Sagoz the Greedy
  2643 | D:3      | Noticed Ijyb
  2647 | D:3      | Killed Ijyb
  3369 | D:4      | Found a sand-covered staircase.
  3377 | Ossuary  | Entered an ossuary
  3595 | Ossuary  | Slain by a water moccasin zombie
  3596 | Ossuary  | Reached XP level 4. HP: -3/18 MP: 8/8
  3596 | Ossuary  | Quit the game

Skill      XL: |  1  2  3  4  5 |
---------------+----------------+-----
Unarmed Combat | 2 3 5 |  5.0
Dodging        | 4 |  4.9
Stealth        | |  4.0
Spellcasting   | |  2.0
Hexes          | |  4.4

Action                   |  1- 3 |  4- 6 || total
-------------------------+-------+-------++-------
Melee: Unarmed           |    97 |   107 ||   204
       Bite              |     3 |     6 ||     9
       Punch             |     1 |     2 ||     3
 Cast: Corona            |    11 |       ||    11
       Ensorcelled Hiber |    23 |    24 ||    47
       Confuse           |     2 |     2 ||     4
  Use: Scroll            |       |     5 ||     5
       Potion            |       |     5 ||     5
 Stab: Sleeping          |    28 |    22 ||    50
       Confused          |     2 |       ||     2
       Invisible         |       |     4 ||     4
  Eat: Chunk             |     5 |       ||     5
       Ration            |       |     2 ||     2
Armor: Skin              |    11 |     1 ||    12
Dodge: Dodged            |    75 |    65 ||   140
